 Dungeon Sprint DCSS version 0.30-a0-469-g84de5afbc5 (webtiles) character file.

Game seed: 16757928921695517969

3000000 NinjaNoafa the Slayer (level 16, -20/164 HPs)
             Began as a Demonspawn Fighter on Dec 19, 2022.
             Was a Priest of Makhleb.
             Killed by an exploding large bag of meat (50 damage)
             ... ignited by their inner flame
             ... in the Dungeon (Sprint VIII: "Arena of Blood").
             The game lasted 00:00:33 (30 turns).

NinjaNoafa the Slayer (Demonspawn Fighter)            Turns: 30, Time: 00:00:33

Health: -20/164    AC: 12    Str: 18    XL:     16   Next: 51%
Magic:  29/29      EV: 15    Int: 10    God:    Makhleb [***...]
Gold:   0          SH:  0    Dex: 19    Spells: 15/15 levels left

rFire   . . .      SeeInvis .    k - +∞ Axe of Woe
rCold   . . .      Faith    .    (shield currently unavailable)
rNeg    . . .      Spirit   .    b - +0 scale mail
rPois   .          Reflect  .    (helmet restricted)
rElec   .          Harm     .    (no cloak)
rCorr   .          Rampage  .    (no gloves)
Will    +....      NoTele   +    (no boots)
Stlth   ..........               (no amulet)
HPRegen 7.47/turn                (no ring)
MPRegen 0.21/turn                (no ring)

@: no status effects
A: hooves 2, horns 2, powered by death 2, powered by pain 2, weakness stinger 1
a: Renounce Religion, Minor Destruction, Lesser Servant of Makhleb


You were in the Dungeon.
You worshipped Makhleb.
Makhleb was most pleased with you.
You visited 1 branch

Inventory:

Hand Weapons
 a - a +0 war axe
 k - the +∞ Axe of Woe (weapon)
   (You found it in the Dungeon)
Armour
 b - a +0 scale mail (worn)
 c - a +0 buckler
Scrolls
 j - a scroll of blinking
Potions
 d - a potion of might
 e - a potion of curing
 f - a potion of heal wounds
 g - a potion of haste
 h - 2 potions of magic
 i - a potion of berserk rage


   Skills:
 + Level 25.8 Fighting
 + Level 23.8 Axes
 + Level 23.9 Armour
 + Level 7.6 Dodging
 - Level 20.7 Shields
 + Level 18.5 Invocations


You had 15 spell levels left.
You didn't know any spells.
Your spell library was empty.

Dungeon Overview and Level Annotations

Branches:
Dungeon (1/1)

Altars:
Makhleb

Annotations:
D The Servant


Innate Abilities, Weirdness & Mutations

You have hoof-like feet.
You have a pair of horns on your head.
You regenerate health from kills.
You sometimes gain power by taking damage.
You have a small tail.


Message History

Your Armour skill increases to level 23!
Your Dodging skill gained 4 levels and is now at level 4!
Your Invocations skill increases to level 16!
The large bag of meat appears out of thin air!
A large bag of meat comes into view. It is wielding a +9 giant spiked club.
You hear a shout! x6
A bag of meat comes into view. It is wielding a +9 war axe.
You hear a shout! x2
A meat berserker comes into view. It is wielding a +9 battleaxe.
You hear a shout!
The meat berserker hits you with a +9 battleaxe!!!!
You hear a shout! x3
You slice the meat berserker!!
You chop the meat berserker into pieces.
You kill the meat berserker!
Makhleb accepts your kill.
The Servant appears out of thin air!
The Servant comes into view.
He is wielding a +9 glaive of flaming.
The Servant shouts!
You hear a shout! x5
A meat berserker comes into view. It is wielding a +9 battleaxe.
You hear a shout! x2
Your Dodging skill gained 3 levels and is now at level 7!
Your Invocations skill gained 2 levels and is now at level 18!
You hear a shout! x12
The Servant hits you from afar with a +9 glaive of flaming!!!!
* * * LOW HITPOINT WARNING * * *
You focus on the pain.
You feel your power returning. The Servant burns you!!
* * * LOW HITPOINT WARNING * * *
You focus on the pain.
You feel your power returning.
You hear a shout! x2
Things that are here:
a +9 war axe; a +30 ring of slaying You hit the large bag of meat.
Flame seeps out of the large bag of meat.
You butcher the large bag of meat messily.
Makhleb accepts your kill.
You feel better.
The large bag of meat explodes!
The fiery explosion engulfs you!!!
You die...

..... .. #...
..# . #... ..#
..###... ..###.
.....O###......
....._......
#.).).# #_)<)_#
#))@.O#
.....@._○§O.o...
......###§O.....
..###... ..###..
. #... ..# .
#... ..# .....
... .. O...


You could see The Servant, 2 large bags of meat, 2 meat berserkers and a bag of
meat.

Vanquished Creatures
  3 ogres (D)
  A two-headed ogre (D)
  13 orcs (D)
17 creatures vanquished.

Notes
Turn   | Place    | Note
-------+----------+-------------------------------------------
     0 | D        | Found the +∞ Axe of Woe
     0 | D        | NinjaNoafa the Demonspawn Fighter began the quest for the
                  | Orb.
     0 | D        | Reached XP level 1. HP: 18/18 MP: 1/1
     1 | D        | Noticed a bag of meat
     2 | D        | Noticed a bag of meat
     2 | D        | Noticed a bag of meat
     3 | D        | Noticed a bag of meat
     4 | D        | Noticed a bag of meat
     4 | D        | Noticed a bag of meat
     7 | D        | Killed a bag of meat
     7 | D        | Noticed a bag of meat
     8 | D        | Reached skill level 13 in Fighting
     8 | D        | Gained mutation: You regenerate a little health from kills.
                  | [demonic ancestry]
     8 | D        | Reached XP level 2. HP: 40/40 MP: 2/2
     8 | D        | Discovered your monstrous ancestry.
     8 | D        | Gained mutation: You have a pair of small horns on your
                  | head. [demonic ancestry]
     8 | D        | Reached XP level 3. HP: 46/46 MP: 3/3
     8 | D        | Reached XP level 4. HP: 53/53 MP: 4/4
     8 | D        | Gained mutation: You have a pair of horns on your head.
                  | [demonic ancestry]
     8 | D        | Reached XP level 5. HP: 59/59 MP: 5/5
     8 | D        | Gained mutation: You have a small tail. [demonic ancestry]
     8 | D        | Reached XP level 6. HP: 66/66 MP: 6/6
     8 | D        | Reached XP level 7. HP: 72/72 MP: 7/7
     8 | D        | Gained mutation: You have large cloven feet. [demonic
                  | ancestry]
     8 | D        | Reached XP level 8. HP: 79/79 MP: 8/8
     8 | D        | Gained mutation: You sometimes gain a little power by
                  | taking damage. [demonic ancestry]
     8 | D        | Reached XP level 9. HP: 85/85 MP: 9/9
     8 | D        | Gained mutation: You regenerate health from kills. [demonic
                  | ancestry]
     8 | D        | Reached XP level 10. HP: 92/92 MP: 10/10
     8 | D        | Killed a bag of meat
     9 | D        | Reached skill level 15 in Fighting
     9 | D        | Reached XP level 11. HP: 103/103 MP: 11/11
     9 | D        | Killed a bag of meat
     9 | D        | Killed a bag of meat
     9 | D        | Killed a bag of meat
     9 | D        | Noticed a bag of meat
    10 | D        | Reached skill level 18 in Fighting
    10 | D        | Gained mutation: You have hoof-like feet. [demonic
                  | ancestry]
    10 | D        | Reached XP level 12. HP: 117/117 MP: 12/12
    10 | D        | Reached XP level 13. HP: 124/124 MP: 13/13
    11 | D        | Noticed a bag of meat
    12 | D        | Killed a bag of meat
    12 | D        | Killed a bag of meat
    12 | D        | Noticed a bag of meat
    12 | D        | Noticed a bag of meat
    13 | D        | Reached skill level 20 in Fighting
    13 | D        | Gained mutation: You sometimes gain power by taking damage.
                  | [demonic ancestry]
    13 | D        | Reached XP level 14. HP: 114/135 MP: 14/14
    13 | D        | Became a worshipper of Makhleb the Destroyer
    13 | D        | Noticed a meat berserker
    14 | D        | Killed a bag of meat
    15 | D        | Noticed a meat berserker
    17 | D        | Killed a bag of meat
    17 | D        | Reached * piety under Makhleb
    18 | D        | Reached skill level 21 in Fighting
    18 | D        | Killed a meat berserker
    19 | D        | Reached skill level 22 in Fighting
    19 | D        | Reached XP level 15. HP: 148/148 MP: 15/15
    19 | D        | Reached ** piety under Makhleb
    20 | D        | Reached skill level 23 in Fighting
    20 | D        | Reached skill level 10 in Invocations
    20 | D        | Killed a meat berserker
    21 | D        | Reached skill level 24 in Fighting
    22 | D        | Noticed a large bag of meat
    22 | D        | Noticed a large bag of meat
    23 | D        | Noticed a meat berserker
    23 | D        | Noticed a meat berserker
    25 | D        | Reached skill level 15 in Invocations
    25 | D        | Reached XP level 16. HP: 161/161 MP: 15/27
    26 | D        | Reached *** piety under Makhleb
    27 | D        | Reached skill level 25 in Fighting
    27 | D        | Noticed a meat berserker
    28 | D        | Noticed a large bag of meat
    28 | D        | Killed a meat berserker
    28 | D        | Noticed The Servant
    28 | D        | Noticed a meat berserker
    30 | D        | Killed a large bag of meat
    30 | D        | Killed by an exploding large bag of meat... ignited by
                  | their inner flame

Illustrated notes

Levels and vault maps discovered:
D:        meatsprint

Skill      XL: |  1  2  3  4  5  6  7  8  9 10 11 12 13 14 15 16 |
---------------+-------------------------------------------------+-----
Fighting       | 13 15 18 20 22 24 25 | 25.8
Axes           | 12 14 17 18 20 22 23 | 23.8
Armour         | 12 14 17 18 20 22 23 | 23.9
Shields        | 12 14 17 18 20 | 20.7
Invocations    | 15 18 | 18.5
Dodging        | 7 |  7.6

Action                   |  1- 3 |  4- 6 |  7- 9 | 10-12 | 13-15 | 16-18 || total
-------------------------+-------+-------+-------+-------+-------+-------++-------
Melee: Executioner's axe |     1 |       |       |     2 |     7 |     3 ||    13

Table legend: (Time is in decaauts)
 A = Elapsed time spent in this place.
 B = Non-inter-level travel time spent in this place.
 C = Inter-level travel time spent in this place.
 D = Time resting spent in this place.
 E = Time spent auto-exploring this place.
 F = Levels seen in this place.
 G = Mean time per level.
                   A        B        C        D        E       F      G
               +--------+--------+--------+--------+--------+-----+--------+
         Total |     29 |     29 |      0 |      0 |      0 |   1 |   29.0 |
       Dungeon |     29 |     29 |      0 |      0 |      0 |   1 |   29.0 |
               +--------+--------+--------+--------+--------+-----+--------+

Top non-repeatable levels by time:
       D: 29 daAuts
